 Dungeon Crawl Stone Soup version 0.28.0-53-g5a82cb258f (webtiles) character file.

Game seed: 8174020256068346775

26 Peloso the Covered (level 2, 0/27 HPs)
             Began as a Minotaur Fighter on July 16, 2022.
             Frozen to death by an endoplasm (3 damage)
             ... on level 1 of the Dungeon.
             The game lasted 00:00:45 (501 turns).

Peloso the Covered (Minotaur Fighter)                Turns: 501, Time: 00:00:46

Health: 0/27       AC:  7    Str: 20    XL:     2   Next: 89%
Magic:  1/1        EV:  9    Int:  5    God:
Gold:   25         SH:  4    Dex:  9    Spells: 1/1 levels left

rFire   . . .      SeeInvis .   a - +0 long sword
rCold   . . .      Faith    .   c - +0 buckler
rNeg    . . .      Spirit   .   b - +0 scale mail
rPois   .          Reflect  .   (helmet restricted)
rElec   .          Harm     .   (no cloak)
rCorr   .          Rampage  .   (no gloves)
Will    .....                   (no boots)
Stlth   ..........              (no amulet)
HPRegen 0.09/turn               (no ring)
MPRegen 0.07/turn               (no ring)

@: no status effects
A: horns 2, retaliatory headbutt
a: no special abilities


You were on level 1 of the Dungeon.
You visited 1 branch of the dungeon, and saw 1 of its levels.

You collected 25 gold pieces.

Inventory:

Hand Weapons
 a - a +0 long sword (weapon)
Armour
 b - a +0 scale mail (worn)
 c - a +0 buckler (worn)
Scrolls
 e - a scroll of identify {unknown}
Potions
 d - a potion of might


   Skills:
 + Level 4.0 Fighting
 + Level 2.9 Long Blades
 + Level 4.1 Armour
 + Level 3.9 Shields


You had one spell level left.
You didn't know any spells.
Your spell library was empty.

Dungeon Overview and Level Annotations

Branches:
Dungeon (1/15)

Altars:


Innate Abilities, Weirdness & Mutations

You have a pair of horns on your head.
You reflexively headbutt those who attack you in melee.


Message History

The giant cockroach bites you.
Unknown command.
You hit the giant cockroach.
The giant cockroach is heavily wounded.
The endoplasm freezes you.
You are frozen.
The giant cockroach barely misses you. The endoplasm freezes you.
You are frozen.
* * * LOW HITPOINT WARNING * * *
You block the giant cockroach's attack.
You closely miss the giant cockroach.
The giant cockroach is heavily wounded.
The giant cockroach misses you.
The endoplasm hits you but does no damage.
Unknown command.
You hit the giant cockroach.
The giant cockroach is severely wounded.
The giant cockroach completely misses you.
You block the endoplasm's attack.
The giant cockroach bites you but does no damage.
You closely miss the giant cockroach.
The giant cockroach is severely wounded.
The endoplasm freezes you.
You are frozen.
* * * LOW HITPOINT WARNING * * *
The giant cockroach bites you but does no damage.
The endoplasm freezes you.
You are frozen.
* * * LOW HITPOINT WARNING * * *
You barely miss the giant cockroach.
The giant cockroach is severely wounded.
You block the giant cockroach's attack. You block the endoplasm's attack.
The giant cockroach bites you but does no damage.
Unknown command.
You hit the giant cockroach but do no damage.
The giant cockroach is severely wounded.
The giant cockroach bites you but does no damage.
The endoplasm freezes you.
You are frozen.
You die...

# ## .∩.....∩..∩..∩# .#
..............# .#
..............# ### .##
.∩..8.....∩..8# ... .(#
...(..........##?# #.######
.................# #......#
.∩..∩..♣..♣..∩...###.
...###.#
.......@J............ .#.#
#.# ........B.....##..#..
.#.###.##.♣..∩..∩.....♣##..#
.........................J>#
.#..##.[....................
.#.....##._..∩..∩..∩..8##..#
##................####+# ..
##.#..............# #
#.....(####.......#


You could see an endoplasm and a giant cockroach.

Vanquished Creatures
  3 dart slugs (D:1)
  2 bats (D:1)
  An endoplasm (D:1)
  A giant cockroach (D:1)
  A goblin (D:1)
  4 hobgoblins (D:1)
  5 frilled lizards (D:1)
  A kobold (D:1)
  2 rats (D:1)
20 creatures vanquished.

Notes
Turn   | Place    | Note
-------+----------+-------------------------------------------
     0 | D:1      | Peloso the Minotaur Fighter began the quest for the Orb.
     0 | D:1      | Reached XP level 1. HP: 19/19 MP: 0/0
   184 | D:1      | Found a faded altar of an unknown god.
   235 | D:1      | Reached XP level 2. HP: 27/27 MP: 1/1
   501 | D:1      | Frozen to death by an endoplasm

Illustrated notes

Levels and vault maps discovered:
D:1:      minmay_arrival_stair_chambers, layout_basic,
          hellmonk_ecumenical_altar_arch_garden

Skill      XL: |  1  2 |
---------------+-------+-----
Armour         | 4 |  4.1
Fighting       | 4 |  4.0
Long Blades    | |  2.9
Shields        | |  3.9

Action                   || total
-------------------------++-------
Melee: Long sword        ||    40
       Headbutt          ||     2
Armor: Scale mail        ||    27
Dodge: Dodged            ||    27
Block: Buckler           ||    12
